 Dungeon Crawl Stone Soup version 0.29.0-4-gdea44cf6ec (webtiles) character file.

Game seed: 5702832076718271134

1649 qw the Cleaver (level 8, -1/103 (106) HPs)
             Began as a Minotaur Berserker on Sept 9, 2022.
             Was a Priest of Trog.
             Slain by a wight
             ... wielding a +0 spear
              (6 damage)
             ... on level 7 of the Dungeon.
             The game lasted 00:02:05 (8344 turns).

qw the Cleaver (Minotaur Berserker)                 Turns: 8344, Time: 00:02:06

HP:   -1/103 (106)  AC: 11    Str: 24    XL:     8   Next: 67%
MP:   7/7           EV:  8    Int:  4    God:    Trog [***...]
Gold: 183           SH:  4    Dex: 10    Spells: 7/7 levels left

rFire   . . .      SeeInvis +   Y - +0 war axe (elec)
rCold   . . .      Faith    .   f - +0 buckler
rNeg    . . .      Spirit   .   b - +0 chain mail
rPois   .          Reflect  .   (helmet restricted)
rElec   .          Harm     .   (no cloak)
rCorr   .          Rampage  .   h - +0 pair of gloves
Will    .....                   i - +0 pair of boots
Stlth   ..........              (no amulet)
HPRegen 0.27/turn               a - ring of see invisible
MPRegen 0.10/turn               (no ring)

@: berserking (expiring), lethally poisoned (-1 -> -6), lightly drained, very
quick
A: horns 2, retaliatory headbutt
a: Renounce Religion, Berserk, Trog's Hand


You were on level 7 of the Dungeon.
You worshipped Trog.
Trog was most pleased with you.
You visited 1 branch of the dungeon, and saw 7 of its levels.

You collected 323 gold pieces.
You spent 140 gold pieces at shops.


Innate Abilities, Weirdness & Mutations

You have a pair of horns on your head.
You reflexively headbutt those who attack you in melee.


   Skills:
 - Level 6.8 Fighting
 + Level 10.9 Axes
 - Level 1.2 Throwing
 - Level 4.0 Armour
 - Level 2.1 Dodging
 - Level 4.2 Shields


You had 7 spell levels left.
You didn't know any spells.
Your spell library was empty.

Inventory:

Hand Weapons
 d - a +0 morningstar
 Y - a +0 war axe of electrocution (weapon)
Missiles
 c - 4 silver boomerangs (quivered)
Armour
 b - a +0 chain mail (worn)
 f - a +0 buckler (worn)
 h - a +0 pair of gloves (worn)
 i - a +0 pair of boots (worn)
Jewellery
 a - a ring of see invisible (left hand)
Scrolls
 e - a scroll of identify
Potions
 g - 2 potions of haste
 j - a potion of cancellation
 k - a potion of mutation {unknown}
 l - a potion of might

Dungeon Overview and Level Annotations

Branches:
Dungeon (7/15)             Temple (0/1) D:4

Altars:
Hepliaklqana
Trog

Shops:
D:4 *(   D:5 !

Annotations:
D:3 1 runed translucent door, Crazy Yiuf
D:4 2 runed translucent doors, qw's ghost, novice GrBe


Message History

You feel very sick. You block the killer bee's attack.
You block the wight's attack.
The killer bee stings you but does no damage.
Your Armour skill increases to level 4!
You slash the wight!
You destroy the wight!
Trog accepts your kill.
You closely miss the killer bee.
You feel sick.
The killer bee stings you but does no damage.
The wight hits you from afar with a +0 spear.
Your life force feels restored.
You hit the wight.
The wight is heavily damaged.
You slash the killer bee!
You kill the killer bee!
Trog accepts your kill.
You feel sick.
You slice the wight!! Lightning courses through the wight!
You destroy the wight!
Trog accepts your kill.
You feel very sick.
The wight hits you from afar with a +0 spear.
You closely miss the white imp.
You feel sick. The wight barely misses you.
The white imp hits you but does no damage.
You completely miss the white imp.
You feel sick.
You slash the white imp!
The white imp is heavily wounded.
You feel sick.
The wight hits you from afar with a +0 spear.
You feel drained. The white imp barely misses you.
You slice the white imp!!
Lightning courses through the white imp!
You kill the white imp!
Trog accepts your kill.
You feel sick.
The wight hits you from afar with a +0 spear.
You die...

##.#.
###....
.......###
#........
.........
#.?.....#
#...z.%##
#....@.#
##..)#<#
$.......(#
..#####.##
. #y #. #.
#. ..


You could see a wight.

Vanquished Creatures
  Sigmund (D:6)
  Menkaure (D:5)
  An ice beast (D:4)
  A black bear (D:5)
  A phantom (D:4)
  A necrophage (D:6)
  6 wights
  4 killer bees (D:7)
  2 orc priests
  A jelly (D:4)
  A hound (D:6)
  3 iguanas
  Natasha (thrice) (D:2)
  2 orc wizards
  3 gnolls (D:2)
  11 adders
  2 white imps
  4 worms
  3 dart slugs
  11 orcs
  6 ball pythons
  11 endoplasms
  5 giant cockroaches
  7 goblins
  10 hobgoblins
  3 jackals
  2 quokkas
  5 bats
  2 frilled lizards
  8 kobolds
  6 rats
127 creatures vanquished.

Vanquished Creatures (others)
  13 plants (D:2)
13 creatures vanquished.

Grand Total: 140 creatures vanquished

Notes
Turn   | Place    | Note
-------+----------+-------------------------------------------
     0 | D:1      | qw the Minotaur Berserker began the quest for the Orb.
     0 | D:1      | Reached XP level 1. HP: 19/19 MP: 0/0
     0 | D:1      | 0 ||| qw: Version: 0.1-a-113-g051387a
     0 | D:1      | 0 ||| qw: Game counter: 7170
     0 | D:1      | 0 ||| qw: Always use a shield: true
     0 | D:1      | 0 ||| qw: Do Orc after D:15 true
     0 | D:1      | 0 ||| qw: Do second Lair branch before Depths: true
     0 | D:1      | 0 ||| qw: Lair rune preference: random
     0 | D:1      | 0 ||| qw: Plans: Normal
     0 | D:1      | 0 ||| PLANNING D:1-11
    69 | D:1      | 69 ||| Stepping ~*~*~tactically~*~*~ (hiding).
   170 | D:1      | Reached skill level 4 in Axes
   325 | D:1      | You fall into a shaft and drop 1 floor!
   349 | D:2      | 349 ||| READING scroll labelled XIUL MERINT.
   350 | D:2      | 350 ||| DRINKING 2 grey potions.
   361 | D:2      | 361 ||| INVOKING Berserk.
   362 | D:2      | 362 ||| INVOKING Berserk.
   363 | D:2      | 363 ||| INVOKING Berserk.
   365 | D:2      | Reached XP level 2. HP: 26/26 MP: 1/1
   367 | D:2      | Reached skill level 5 in Axes
   373 | D:2      | Reached XP level 3. HP: 13/31 MP: 2/2
   373 | D:2      | 373 ||| STAIRDANCE
   373 | D:2      | HP: 5/46 [gnoll/+0 halberd (8)]
   706 | D:1      | 706 ||| Stepping ~*~*~tactically~*~*~ (stealth).
   709 | D:1      | 709 ||| Stepping ~*~*~tactically~*~*~ (stealth).
   729 | D:1      | 729 ||| DROPPING +0 club.
   784 | D:1      | Found a faded altar of an unknown god.
  1195 | D:1      | 1195 ||| UPGRADING to +0 leather armour.
  1205 | D:1      | 1205 ||| DROPPING +0 animal skin.
  1206 | D:1      | 1206 ||| UPGRADING to +0 buckler.
  1211 | D:1      | 1211 ||| READING 2 scrolls labelled BUXALU MACOEQ.
  1212 | D:1      | 1212 ||| DROPPING scroll of fear.
  1268 | D:2      | 1268 ||| Stepping ~*~*~tactically~*~*~ (stealth).
  1276 | D:2      | Reached skill level 1 in Shields
  1276 | D:2      | 1276 ||| FLEEEEING.
  1277 | D:2      | 1277 ||| STAIRDANCE
  1515 | D:2      | HP: 7/31 [poisoned by a kobold]
  1812 | D:2      | 1812 ||| READING scroll of enchant weapon.
  1812 | D:2      | 1812 ||| ENCHANTING +1 hand axe.
  1866 | D:2      | 1866 ||| INVOKING Berserk.
  1870 | D:2      | Reached XP level 4. HP: 39/39 MP: 3/3
  2090 | D:2      | 2090 ||| Stepping ~*~*~tactically~*~*~ (hiding).
  2192 | D:2      | 2192 ||| Stepping ~*~*~tactically~*~*~ (hiding).
  2331 | D:2      | Reached skill level 6 in Axes
  2460 | D:2      | Noticed Natasha
  2461 | D:2      | 2461 ||| Stepping ~*~*~tactically~*~*~ (hiding).
  2463 | D:2      | 2463 ||| Stepping ~*~*~tactically~*~*~ (hiding).
  2466 | D:2      | 2466 ||| INVOKING Berserk.
  2470 | D:2      | Killed Natasha
  2617 | D:2      | Noticed Natasha
  2621 | D:2      | 2621 ||| INVOKING Berserk.
  2623 | D:2      | Killed Natasha
  2624 | D:2      | Reached XP level 5. HP: 45/45 MP: 4/4
  2889 | D:2      | Reached ** piety under Trog
  3151 | D:2      | Noticed Natasha
  3152 | D:2      | 3152 ||| Stepping ~*~*~tactically~*~*~ (stealth).
  3154 | D:2      | 3154 ||| Stepping ~*~*~tactically~*~*~ (hiding).
  3155 | D:2      | 3155 ||| Stepping ~*~*~tactically~*~*~ (hiding).
  3156 | D:2      | 3156 ||| Stepping ~*~*~tactically~*~*~ (hiding).
  3157 | D:2      | 3157 ||| Stepping ~*~*~tactically~*~*~ (hiding).
  3159 | D:2      | 3159 ||| Stepping ~*~*~tactically~*~*~ (hiding).
  3160 | D:2      | 3160 ||| FLEEEEING.
  3162 | D:2      | 3162 ||| FLEEEEING.
  3163 | D:2      | 3163 ||| FLEEEEING.
  3164 | D:2      | 3164 ||| FLEEEEING.
  3165 | D:2      | 3165 ||| FLEEEEING.
  3166 | D:2      | 3166 ||| FLEEEEING.
  3168 | D:2      | 3168 ||| FLEEEEING.
  3169 | D:2      | 3169 ||| FLEEEEING.
  3175 | D:2      | 3175 ||| FLEEEEING.
  3176 | D:2      | 3176 ||| FLEEEEING.
  3177 | D:2      | 3177 ||| FLEEEEING.
  3178 | D:2      | 3178 ||| FLEEEEING.
  3179 | D:2      | 3179 ||| FLEEEEING.
  3180 | D:2      | 3180 ||| FLEEEEING.
  3181 | D:2      | 3181 ||| FLEEEEING.
  3182 | D:2      | 3182 ||| FLEEEEING.
  3183 | D:2      | 3183 ||| FLEEEEING.
  3184 | D:2      | 3184 ||| FLEEEEING.
  3185 | D:2      | 3185 ||| FLEEEEING.
  3186 | D:2      | 3186 ||| FLEEEEING.
  3187 | D:2      | 3187 ||| FLEEEEING.
  3188 | D:2      | 3188 ||| FLEEEEING.
  3191 | D:2      | 3191 ||| INVOKING Berserk.
  3196 | D:2      | Killed Natasha
  3498 | D:2      | 3498 ||| READING scroll labelled NUOROA CUICW.
  3636 | D:2      | 3636 ||| READING 2 scrolls labelled AWKAED SOPUSMO.
  3637 | D:2      | 3637 ||| READING scroll labelled HUNAUTOEDA.
  3638 | D:2      | 3638 ||| READING 2 scrolls labelled UKIAFO CATWI.
  3639 | D:2      | 3639 ||| READING scroll labelled HADWULIRUJ.
  3640 | D:2      | 3640 ||| DROPPING scroll of fog.
  3735 | D:3      | 3735 ||| Stepping ~*~*~tactically~*~*~ (hiding).
  3846 | D:3      | 3846 ||| Stepping ~*~*~tactically~*~*~ (stealth).
  3849 | D:3      | Reached skill level 7 in Axes
  3850 | D:3      | 3850 ||| Stepping ~*~*~tactically~*~*~ (stealth).
  3872 | D:3      | 3872 ||| Stepping ~*~*~tactically~*~*~ (stealth).
  3873 | D:3      | 3873 ||| Stepping ~*~*~tactically~*~*~ (stealth).
  3880 | D:3      | 3880 ||| Stepping ~*~*~tactically~*~*~ (stealth).
  3881 | D:3      | 3881 ||| Stepping ~*~*~tactically~*~*~ (stealth).
  3991 | D:3      | 3991 ||| Stepping ~*~*~tactically~*~*~ (stealth).
  4374 | D:3      | 4374 ||| READING scroll of enchant weapon.
  4374 | D:3      | 4374 ||| ENCHANTING +2 hand axe.
  4586 | D:3      | 4586 ||| Stepping ~*~*~tactically~*~*~ (hiding).
  4587 | D:3      | 4587 ||| Stepping ~*~*~tactically~*~*~ (hiding).
  4591 | D:3      | 4591 ||| INVOKING Berserk.
  4596 | D:3      | 4596 ||| DRINKING 2 potions of curing.
  4596 | D:3      | 4596 ||| (to cure confusion)
  4602 | D:3      | 4602 ||| DRINKING potion of curing.
  4602 | D:3      | 4602 ||| (to cure confusion)
  4612 | D:3      | 4612 ||| Stepping ~*~*~tactically~*~*~ (stealth).
  4615 | D:3      | 4615 ||| Stepping ~*~*~tactically~*~*~ (stealth).
  4616 | D:3      | 4616 ||| Stepping ~*~*~tactically~*~*~ (stealth).
  4802 | D:3      | 4802 ||| DROPPING +0 whip.
  4892 | D:3      | 4892 ||| Stepping ~*~*~tactically~*~*~ (stealth).
  4899 | D:3      | 4899 ||| Stepping ~*~*~tactically~*~*~ (stealth).
  4900 | D:3      | 4900 ||| Stepping ~*~*~tactically~*~*~ (stealth).
  4901 | D:3      | 4901 ||| INVOKING Berserk.
  4904 | D:3      | Reached XP level 6. HP: 52/52 MP: 5/5
  5009 | D:3      | 5009 ||| DROPPING +2 mace of draining.
  5012 | D:3      | 5012 ||| DROPPING +0 flail.
  5075 | D:3      | Found a runed translucent door.
  5076 | D:3      | Noticed Crazy Yiuf
  5281 | D:3      | 5281 ||| UPGRADING to +0 chain mail.
  5291 | D:3      | 5291 ||| DROPPING +0 leather armour.
  5292 | D:3      | 5292 ||| READING 2 scrolls labelled QENIAG ALUHU.
  5359 | D:3      | 5359 ||| DRINKING 2 puce potions.
  5383 | D:3      | 5383 ||| DROPPING potion of lignification.
  5423 | D:4      | 5423 ||| Stepping ~*~*~tactically~*~*~ (stealth).
  5449 | D:4      | Found a runed translucent door.
  5510 | D:4      | Found Ihie's Incredible Inventory.
  5519 | D:4      | 5519 ||| SHOPLISTING +0 ice dragon scales (720 gold, have
                  | 137).
  5562 | D:4      | Found a runed translucent door.
  5564 | D:4      | Noticed qw's ghost (novice GrBe)
  5578 | D:4      | Found a staircase to the Ecumenical Temple.
  5622 | D:4      | Reached skill level 8 in Axes
  5646 | D:4      | 5646 ||| INVOKING Berserk.
  5753 | D:4      | Noticed an ice beast
  5758 | D:4      | 5758 ||| INVOKING Berserk.
  5762 | D:4      | Killed an ice beast
  5935 | D:4      | 5935 ||| READING scroll of enchant weapon.
  5935 | D:4      | 5935 ||| ENCHANTING +3 hand axe.
  5945 | D:4      | Reached skill level 9 in Axes
  5945 | D:4      | Reached XP level 7. HP: 53/59 MP: 6/6
  6072 | D:4      | Found Xokhleet's Weapon Emporium.
  6141 | D:4      | 6141 ||| UPGRADING to ring of see invisible.
  6142 | D:4      | 6142 ||| READING scroll labelled BOBOLA YTUO.
  6143 | D:4      | 6143 ||| DRINKING 2 dark potions.
  6144 | D:4      | 6144 ||| READING 3 scrolls of identify.
  6144 | D:4      | 6144 ||| IDENTIFYING sedimented green potion
  6145 | D:4      | 6145 ||| READING 2 scrolls of identify.
  6145 | D:4      | 6145 ||| IDENTIFYING lumpy grey potion
  6146 | D:4      | 6146 ||| DROPPING potion of flight.
  6147 | D:4      | 6147 ||| DROPPING potion of degeneration.
  6148 | D:4      | 6148 ||| READING scroll of teleportation.
  6171 | D:5      | Entered Level 5 of the Dungeon
  6279 | D:5      | Found a bloodstained altar of Trog.
  6282 | D:5      | 6282 ||| Stepping ~*~*~tactically~*~*~ (stealth).
  6294 | D:5      | 6294 ||| Stepping ~*~*~tactically~*~*~ (stealth).
  6297 | D:5      | 6297 ||| Stepping ~*~*~tactically~*~*~ (stealth).
  6348 | D:5      | Found Xenuem's Distillery.
  6348 | D:5      | Noticed Menkaure
  6349 | D:5      | 6349 ||| Stepping ~*~*~tactically~*~*~ (hiding).
  6350 | D:5      | 6350 ||| Stepping ~*~*~tactically~*~*~ (hiding).
  6351 | D:5      | 6351 ||| Stepping ~*~*~tactically~*~*~ (hiding).
  6354 | D:5      | 6354 ||| INVOKING Berserk.
  6356 | D:5      | Killed Menkaure
  6503 | D:5      | 6503 ||| BUYING potion of haste (140 gold).
  6503 | D:5      | Bought a potion of haste for 140 gold pieces
  6722 | D:5      | Reached *** piety under Trog
  6810 | D:5      | 6810 ||| Stepping ~*~*~tactically~*~*~ (stealth).
  6814 | D:5      | 6814 ||| INVOKING Berserk.
  7274 | D:5      | 7274 ||| UPGRADING to +0 pair of gloves.
  7279 | D:5      | 7279 ||| READING 3 scrolls labelled DUBAINNERO.
  7280 | D:5      | 7280 ||| DRINKING 2 red potions.
  7281 | D:5      | 7281 ||| DROPPING 2 scrolls of amnesia.
  7282 | D:5      | 7282 ||| DROPPING potion of magic.
  7349 | D:6      | 7349 ||| INVOKING Berserk.
  7351 | D:6      | Reached skill level 3 in Armour
  7645 | D:6      | 7645 ||| SWAPPING to +0 war axe.
  7664 | D:6      | Reached skill level 10 in Axes
  7664 | D:6      | Reached XP level 8. HP: 61/68 MP: 7/7
  7694 | D:6      | 7694 ||| DROPPING +4 hand axe.
  7766 | D:6      | 7766 ||| READING scroll labelled WOFIHI WEIGUTE.
  7767 | D:6      | Noticed Sigmund
  7770 | D:6      | 7770 ||| READING 2 scrolls of identify.
  7770 | D:6      | 7770 ||| IDENTIFYING fizzy sapphire potion
  7771 | D:6      | 7771 ||| INVOKING Berserk.
  7773 | D:6      | Killed Sigmund
  7774 | D:6      | Reached skill level 6 in Fighting
  7968 | D:6      | 7968 ||| Stepping randomly (stuck).
  7969 | D:6      | 7969 ||| Stepping randomly (stuck).
  8217 | D:6      | Found a hazy altar of Hepliaklqana.
  8316 | D:6      | 8316 ||| UPGRADING to +0 pair of boots.
  8334 | D:7      | Reached skill level 1 in Throwing
  8335 | D:7      | 8335 ||| INVOKING Berserk.
  8338 | D:7      | HP: 26/105 [poisoned by a killer bee]
  8343 | D:7      | HP: 13/106 [poisoned by a killer bee]
  8344 | D:7      | HP: 5/103 [poisoned by a killer bee]
  8344 | D:7      | Slain by a wight

Levels and vault maps discovered:
D:1:      amcnicky_arrival_choice, layout_basic,
          shapermc_ecumenical_altar_mp_highgroup, chequers_arboretum
D:2:      kb_forest_paths, layout_basic, serial_forest,
          infiniplex_forest_clump_long, infiniplex_forest_straight_5,
          infiniplex_forest_end_1, infiniplex_forest_end_2,
          infiniplex_forest_end_2, infiniplex_forest_end_2,
          infiniplex_forest_lined_ring, infiniplex_forest_end_1,
          infiniplex_forest_fountain, infiniplex_forest_clump_curved,
          uniq_natasha
D:3:      layout_loops_corners, minmay_fractal_squares_diagonal_5,
          uniq_crazy_yiuf_cottage
D:4:      layout_rooms, minmay_temple_entry_statues_fountains, serial_shops,
          shop, ebering_ghost_sewer_f, hangedman_decor_lopped,
          nicolae_alphabet_shops
D:5:      layout_basic, trog_hazing_becter, serial_shops, shop, uniq_menkaure
D:6:      layout_basic, nzn_hepliaklqana_mist_gate, nicolae_eternal_life,
          uniq_sigmund
D:7:      layout_loops_ring

Skill      XL: |  1  2  3  4  5  6  7  8 |
---------------+-------------------------+-----
Axes           | 4 5 6 7 9 10 | 10.9
Shields        | 1 2 4 |  4.2
Fighting       | 4 5 6 |  6.8
Armour         | 3 4 |  4.0
Throwing       | 1 |  1.2
Dodging        | |  2.1

Action                   |  1- 3 |  4- 6 |  7- 9 || total
-------------------------+-------+-------+-------++-------
Melee: Hand axe          |    44 |   136 |    47 ||   227
       Headbutt          |     3 |    25 |    12 ||    40
       Punch             |     1 |       |       ||     1
       War axe           |       |       |    44 ||    44
Throw: Boomerang         |       |       |     3 ||     3
Invok: Berserk           |     2 |     7 |     5 ||    14
  Use: Scroll            |     3 |     8 |     7 ||    18
       Potion            |     1 |     3 |     2 ||     6
Armor: Animal skin       |     4 |       |       ||     4
       Leather armour    |     1 |    13 |       ||    14
       Chain mail        |       |     6 |    28 ||    34
Dodge: Dodged            |    15 |    40 |    30 ||    85
Block: Buckler           |     1 |    14 |    16 ||    31

Table legend:
 A = Non-vault XP
 B = Vault XP
 C = Vault XP percentage of total XP
 D = Non-vault monster count
 E = Vault monster count
 F = Vault count percentage of total count
                 A         B        C        D         E       F
            +---------+---------+-------+---------+---------+-------
      Total |    1912 |     456 |  19.3 |     105 |      22 |  17.3
            +---------+---------+-------+---------+---------+-------
        D:1 |      25 |       0 |   0.0 |      14 |       0 |   0.0
        D:2 |     203 |      45 |  18.1 |      32 |       7 |  17.9
        D:3 |     120 |      28 |  18.9 |      19 |       7 |  26.9
        D:4 |     317 |       0 |   0.0 |      10 |       0 |   0.0
        D:5 |     214 |     169 |  44.1 |       6 |       7 |  53.8
        D:6 |     623 |     214 |  25.6 |      17 |       1 |   5.6
        D:7 |     410 |       0 |   0.0 |       7 |       0 |   0.0
            +---------+---------+-------+---------+---------+-------
